% Time on Ice - SAN DIEGO THUNDER
Lines # - Real PCT - Wanted PCT - Time Play
Normal Forward
1 - 35% - 35% - 16:38
2 - 34% - 32% - 16:03
3 - 23% - 24% - 10:51
4 - 8% - 9% - 3:53
Normal Defense
1 - 39% - 37% - 18:18
2 - 35% - 36% - 16:23
3 - 25% - 21% - 11:58
4 - 2% - 6% - 0:46
PP Forward
1 - 53% - 55% - 3:27
2 - 47% - 45% - 3:05
PP Defense
1 - 47% - 55% - 3:05
2 - 53% - 45% - 3:27
PK Forward
1 - 61% - 55% - 3:42
2 - 39% - 45% - 2:21
PK Defense
1 - 47% - 55% - 2:51
2 - 53% - 45% - 3:12
PK3 Forward
1 - 0% - 55%
2 - 0% - 45%
PK3 Defense
1 - 0% - 55%
2 - 0% - 45%
44 Forward
1 - 0% - 55%
2 - 0% - 45%
44 Defense
1 - 0% - 55%
2 - 0% - 45%
Last Minute Offensive  - 0:00
Last Minute Defensive  - 0:00
Total
Forward - 60:00
Defense - 60:00
% Time on Ice - ANCHORAGE ACES
Lines # - Real PCT - Wanted PCT - Time Play
Normal Forward
1 - 33% - 35% - 15:48
2 - 33% - 35% - 15:52
3 - 21% - 22% - 9:56
4 - 12% - 8% - 5:49
Normal Defense
1 - 35% - 35% - 16:47
2 - 34% - 35% - 16:16
3 - 27% - 23% - 12:34
4 - 4% - 7% - 1:48
PP Forward
1 - 61% - 55% - 3:40
2 - 39% - 45% - 2:23
PP Defense
1 - 61% - 55% - 3:40
2 - 39% - 45% - 2:23
PK Forward
1 - 57% - 55% - 3:44
2 - 43% - 45% - 2:48
PK Defense
1 - 77% - 55% - 5:00
2 - 23% - 45% - 1:32
PK3 Forward
1 - 0% - 55%
2 - 0% - 45%
PK3 Defense
1 - 0% - 55%
2 - 0% - 45%
44 Forward
1 - 0% - 55%
2 - 0% - 45%
44 Defense
1 - 0% - 55%
2 - 0% - 45%
Last Minute Offensive  - 0:00
Last Minute Defensive  - 0:00
Total
Forward - 60:00
Defense - 60:00
Play-by-Play 1st period 0:01 of 1st period - Connor McDavid wins face-off versus Mark Scheifele in neutral zone. 0:09 of 1st period - Icing by Nathan MacKinnon. 0:10 of 1st period - Logan Couture wins face-off versus Connor McDavid in ANCHORAGE ACES zone. 0:36 of 1st period - Icing by Derek Forbort. 0:37 of 1st period - Phillip Danault wins face-off versus Evander Kane in SAN DIEGO THUNDER zone. 2:29 of 1st period - Carl Gunnarsson is hit by Mark Scheifele and loses puck. 2:40 of 1st period - Shot by Robert Bortuzzo. 2:40 of 1st period - Shot Blocked by Brandon Montour. 2:44 of 1st period - Shot by Jordan Martinook. 2:44 of 1st period - Stopped by Connor Hellebuyck without a rebound. 2:45 of 1st period - Connor McDavid wins face-off versus Logan Couture in SAN DIEGO THUNDER zone. 2:48 of 1st period - Shot by Connor McDavid. 2:48 of 1st period - Stopped by Connor Hellebuyck without a rebound. 2:49 of 1st period - Logan Couture wins face-off versus Connor McDavid in SAN DIEGO THUNDER zone. 2:53 of 1st period - Evander Kane is hit by Ben Chiarot and loses puck. 2:58 of 1st period - Shot by Evander Kane. 2:58 of 1st period - Shot Blocked by Ben Chiarot. 3:00 of 1st period - Shot by Erik Cernak. 3:00 of 1st period - Stopped by Darcy Kuemper without a rebound. 3:01 of 1st period - Charlie Coyle wins face-off versus Mark Scheifele in ANCHORAGE ACES zone. 3:01 of 1st period - Charlie Coyle is hit by David Perron. 3:17 of 1st period - Shot by Brandon Saad. 3:17 of 1st period - Stopped by Darcy Kuemper without a rebound. 3:18 of 1st period - Connor McDavid wins face-off versus Andrew Cogliano in ANCHORAGE ACES zone. 3:20 of 1st period - Nathan MacKinnon is hit by Steven Fogarty and loses puck. 3:55 of 1st period - Shot by Drake Batherson. 3:55 of 1st period - Shot Misses the Net. 4:48 of 1st period - Shot by Brad Richardson. 4:48 of 1st period - Stopped by Connor Hellebuyck without a rebound. 4:49 of 1st period - Logan Couture wins face-off versus Charlie Coyle in SAN DIEGO THUNDER zone. 4:49 of 1st period - Logan Couture is hit by Chris Kreider. 6:19 of 1st period - Phillip Danault is hit by Mark Scheifele and loses puck. 6:51 of 1st period - Connor McDavid is hit by Charles McAvoy and loses puck. 7:02 of 1st period - Shot by Jean-Gabriel Pageau. 7:02 of 1st period - Shot Misses the Net. 7:49 of 1st period - Shot by Chris Kreider. 7:49 of 1st period - Shot Blocked by Erik Cernak. 8:57 of 1st period - Icing by Zachary Werenski. 8:58 of 1st period - Charlie Coyle wins face-off versus Andrew Cogliano in ANCHORAGE ACES zone. 9:14 of 1st period - Charles McAvoy is hit by Robert Bortuzzo and loses puck. 9:25 of 1st period - Shot by Nikolaj Ehlers. 9:25 of 1st period - Shot Misses the Net. 10:13 of 1st period - Shot by Nate Thompson. 10:13 of 1st period - Stopped by Connor Hellebuyck without a rebound. 10:14 of 1st period - Connor McDavid wins face-off versus Mark Scheifele in SAN DIEGO THUNDER zone. 10:40 of 1st period - Minor Penalty to Ben Chiarot for Holding. 10:41 of 1st period - Logan Couture wins face-off versus Phillip Danault in ANCHORAGE ACES zone. 10:52 of 1st period - Shot by Charles McAvoy. 10:52 of 1st period - Shot Misses the Net. 11:34 of 1st period - Patrik Nemeth is hit by Evander Kane and loses puck. 12:46 of 1st period - Shot by Ryan Hartman. 12:46 of 1st period - Stopped by Darcy Kuemper without a rebound. 12:47 of 1st period - Brad Richardson wins face-off versus Jean-Gabriel Pageau in ANCHORAGE ACES zone. 13:03 of 1st period - Icing by Brandon Montour. 13:04 of 1st period - Phillip Danault wins face-off versus Jean-Gabriel Pageau in SAN DIEGO THUNDER zone. 13:15 of 1st period - Shot by Phillip Danault. 13:15 of 1st period - Deflect By Nikolaj Ehlers. 13:15 of 1st period - Shot Misses the Net. 13:52 of 1st period - Nikolaj Ehlers is hit by Marcus Foligno and loses puck. 14:46 of 1st period - Shot by Chris Kreider. 14:46 of 1st period - Stopped by Connor Hellebuyck without a rebound. 14:47 of 1st period - Connor McDavid wins face-off versus Mark Scheifele in SAN DIEGO THUNDER zone. 14:54 of 1st period - Shot by Connor McDavid. 14:54 of 1st period - Stopped by Connor Hellebuyck without a rebound. 14:55 of 1st period - Mark Scheifele wins face-off versus Connor McDavid in SAN DIEGO THUNDER zone. 14:55 of 1st period - Mark Scheifele is hit by Artturi Lehkonen. 15:09 of 1st period - Shot by Mark Scheifele. 15:09 of 1st period - Stopped by Darcy Kuemper with a rebound. 15:12 of 1st period - David Perron is hit by Patrik Nemeth and loses puck. 15:23 of 1st period - Shot by Mark Scheifele. 15:23 of 1st period - Stopped by Darcy Kuemper without a rebound. 15:24 of 1st period - Ryan Hartman wins face-off versus Charlie Coyle in ANCHORAGE ACES zone. 15:26 of 1st period - Jean-Gabriel Pageau is hit by Robert Bortuzzo and loses puck. 15:39 of 1st period - Icing by Brandon Montour. 15:40 of 1st period - Brad Richardson wins face-off versus Jean-Gabriel Pageau in SAN DIEGO THUNDER zone. 15:51 of 1st period - Shot by Jean-Gabriel Pageau. 15:51 of 1st period - Stopped by Darcy Kuemper without a rebound. 15:52 of 1st period - Connor McDavid wins face-off versus Mark Scheifele in ANCHORAGE ACES zone. 16:13 of 1st period - Shot by Connor McDavid. 16:13 of 1st period - Shot Misses the Net. 16:17 of 1st period - Shot by Nathan MacKinnon. 16:17 of 1st period - Stopped by Connor Hellebuyck without a rebound. 16:18 of 1st period - Logan Couture wins face-off versus Phillip Danault in SAN DIEGO THUNDER zone. 16:18 of 1st period - Logan Couture is hit by Nikolaj Ehlers. 16:40 of 1st period - Shot by Logan Couture. 16:40 of 1st period - Shot Blocked by Seth Jones. 16:42 of 1st period - Shot by Connor Murphy. 16:42 of 1st period - Shot Misses the Net. 16:44 of 1st period - Shot by Connor Murphy. 16:44 of 1st period - Shot Misses the Net. 16:46 of 1st period - Shot by Logan Couture. 16:46 of 1st period - Stopped by Darcy Kuemper without a rebound. 16:47 of 1st period - Nathan MacKinnon wins face-off versus Mark Scheifele in ANCHORAGE ACES zone. 16:56 of 1st period - Shot by Nathan MacKinnon. 16:56 of 1st period - Stopped by Connor Hellebuyck without a rebound. 16:57 of 1st period - Connor McDavid wins face-off versus Jean-Gabriel Pageau in SAN DIEGO THUNDER zone. 17:06 of 1st period - Shot by Connor McDavid. 17:06 of 1st period - Stopped by Connor Hellebuyck without a rebound. 17:07 of 1st period - Josh Bailey wins face-off versus Mark Scheifele in SAN DIEGO THUNDER zone. 17:16 of 1st period - Shot by Nikolaj Ehlers. 17:16 of 1st period - Stopped by Connor Hellebuyck without a rebound. 17:17 of 1st period - Connor McDavid wins face-off versus Marcus Foligno in SAN DIEGO THUNDER zone. 17:17 of 1st period - Connor McDavid is hit by Erik Cernak. 17:20 of 1st period - Nathan MacKinnon is hit by Erik Cernak and loses puck. 17:32 of 1st period - Logan Couture is hit by Seth Jones and loses puck. 17:41 of 1st period - Shot by Logan Couture. 17:41 of 1st period - Shot Blocked by Connor McDavid. 17:43 of 1st period - Shot by Derek Forbort. 17:43 of 1st period - Stopped by Darcy Kuemper with a rebound. 17:45 of 1st period - Shot by Marcus Foligno. 17:45 of 1st period - Stopped by Darcy Kuemper without a rebound. 17:46 of 1st period - Phillip Danault wins face-off versus Mark Scheifele in ANCHORAGE ACES zone. 17:46 of 1st period - Phillip Danault is hit by Brandon Saad. 17:49 of 1st period - Nikolaj Ehlers is hit by Mark Scheifele and loses puck. 18:13 of 1st period - Shot by Josh Bailey. 18:13 of 1st period - Shot Blocked by Charles McAvoy. 18:53 of 1st period - Minor Penalty to Jean-Gabriel Pageau for Holding. 18:54 of 1st period - Connor McDavid wins face-off versus Andrew Cogliano in SAN DIEGO THUNDER zone. 18:55 of 1st period - Shot by Nathan MacKinnon. 18:55 of 1st period - Deflect By Nikolaj Ehlers. 18:55 of 1st period - Stopped by Connor Hellebuyck with a rebound. 18:57 of 1st period - Shot by Nikolaj Ehlers. 18:57 of 1st period - Shot Misses the Net. 18:59 of 1st period - Shot by Connor McDavid. 18:59 of 1st period - Goal by Connor McDavid - SAN DIEGO THUNDER : 0 - ANCHORAGE ACES : 1. 19:00 of 1st period - Logan Couture wins face-off versus Connor McDavid in neutral zone. Goals for this period are 0 for SAN DIEGO THUNDER vs 1 for ANCHORAGE ACES. Shots for this period are 9 for SAN DIEGO THUNDER vs 12 for ANCHORAGE ACES. 2nd period 0:01 of 2nd period - Mark Scheifele wins face-off versus Connor McDavid in neutral zone. 0:55 of 2nd period - Icing by Connor Murphy. 0:56 of 2nd period - Mark Scheifele wins face-off versus Phillip Danault in SAN DIEGO THUNDER zone. 1:37 of 2nd period - Shot by Nikolaj Ehlers. 1:37 of 2nd period - Stopped by Connor Hellebuyck with a rebound. 1:39 of 2nd period - Shot by Ben Chiarot. 1:39 of 2nd period - Stopped by Connor Hellebuyck with a rebound. 1:53 of 2nd period - Charlie Coyle is hit by Andrew Cogliano and loses puck. 2:06 of 2nd period - Shot by Evander Kane. 2:06 of 2nd period - Shot Misses the Net. 2:08 of 2nd period - Shot by Marcus Foligno. 2:08 of 2nd period - Shot Misses the Net. 2:24 of 2nd period - Shot by Marcus Foligno. 2:24 of 2nd period - Stopped by Darcy Kuemper without a rebound. 2:25 of 2nd period - Brandon Saad wins face-off versus Connor McDavid in ANCHORAGE ACES zone. 2:44 of 2nd period - Shot by David Perron. 2:44 of 2nd period - Goal by David Perron - SAN DIEGO THUNDER : 1 - ANCHORAGE ACES : 1. 2:45 of 2nd period - Logan Couture wins face-off versus Brad Richardson in neutral zone. 2:50 of 2nd period - Shot by Logan Couture. 2:50 of 2nd period - Shot Misses the Net. 2:52 of 2nd period - Shot by Alexandre Carrier. 2:52 of 2nd period - Stopped by Darcy Kuemper without a rebound. 2:53 of 2nd period - Logan Couture wins face-off versus Phillip Danault in ANCHORAGE ACES zone. 2:58 of 2nd period - Shot by Logan Couture. 2:58 of 2nd period - Shot Misses the Net. 3:02 of 2nd period - Shot by Logan Couture. 3:02 of 2nd period - Stopped by Darcy Kuemper without a rebound. 3:03 of 2nd period - Jean-Gabriel Pageau wins face-off versus Connor McDavid in ANCHORAGE ACES zone. 3:04 of 2nd period - Shot by Connor Murphy. 3:04 of 2nd period - Stopped by Darcy Kuemper without a rebound. 3:05 of 2nd period - Phillip Danault wins face-off versus Jean-Gabriel Pageau in ANCHORAGE ACES zone. 3:28 of 2nd period - Shot by Nikolaj Ehlers. 3:28 of 2nd period - Stopped by Connor Hellebuyck without a rebound. 3:29 of 2nd period - Mark Scheifele wins face-off versus Artturi Lehkonen in SAN DIEGO THUNDER zone. 3:37 of 2nd period - Off-side. 3:38 of 2nd period - Logan Couture wins face-off versus Charlie Coyle in neutral zone. 3:53 of 2nd period - Logan Couture is hit by Seth Jones and loses puck. 4:02 of 2nd period - Shot by Logan Couture. 4:02 of 2nd period - Shot Misses the Net. 4:07 of 2nd period - Minor Penalty to Seth Jones for Holding. 4:08 of 2nd period - Mark Scheifele wins face-off versus Phillip Danault in ANCHORAGE ACES zone. 4:26 of 2nd period - Icing by Mark Scheifele. 4:27 of 2nd period - Phillip Danault wins face-off versus Mark Scheifele in SAN DIEGO THUNDER zone. 4:32 of 2nd period - Shot by Artturi Lehkonen. 4:32 of 2nd period - Shot Blocked by Erik Cernak. 4:42 of 2nd period - Shot by David Perron. 4:42 of 2nd period - Shot Misses the Net. 4:44 of 2nd period - Shot by Erik Cernak. 4:44 of 2nd period - Shot Blocked by Zachary Werenski. 4:46 of 2nd period - Shot by Brandon Saad. 4:46 of 2nd period - Stopped by Darcy Kuemper without a rebound. 4:47 of 2nd period - Charlie Coyle wins face-off versus Logan Couture in ANCHORAGE ACES zone. 4:47 of 2nd period - Charlie Coyle is hit by Evander Kane. 6:14 of 2nd period - Icing by Ryan Reaves. 6:15 of 2nd period - Brad Richardson wins face-off versus Jean-Gabriel Pageau in ANCHORAGE ACES zone. 7:11 of 2nd period - Chris Kreider is hit by Brandon Montour and loses puck. 7:34 of 2nd period - Shot by Chris Kreider. 7:34 of 2nd period - Shot Misses the Net. 7:44 of 2nd period - Shot by Mark Scheifele. 7:44 of 2nd period - Shot Misses the Net. 8:09 of 2nd period - Nathan MacKinnon is hit by Brandon Montour and loses puck. 8:12 of 2nd period - Shot by Nathan MacKinnon. 8:12 of 2nd period - Stopped by Connor Hellebuyck without a rebound. 8:13 of 2nd period - Phillip Danault wins face-off versus Logan Couture in SAN DIEGO THUNDER zone. 8:13 of 2nd period - Phillip Danault is hit by Connor Murphy. 8:29 of 2nd period - Shot by Evander Kane. 8:29 of 2nd period - Shot Blocked by Patrik Nemeth. 8:31 of 2nd period - Shot by Evander Kane. 8:31 of 2nd period - Shot Misses the Net. 8:45 of 2nd period - Shot by Evander Kane. 8:45 of 2nd period - Deflect By Logan Couture. 8:45 of 2nd period - Shot Misses the Net. 8:47 of 2nd period - Shot by Evander Kane. 8:47 of 2nd period - Stopped by Darcy Kuemper without a rebound. 8:48 of 2nd period - Jean-Gabriel Pageau wins face-off versus Connor McDavid in ANCHORAGE ACES zone. 8:59 of 2nd period - Shot by Ryan Hartman. 8:59 of 2nd period - Stopped by Darcy Kuemper with a rebound. 9:07 of 2nd period - Shot by Connor McDavid. 9:07 of 2nd period - Stopped by Connor Hellebuyck without a rebound. 9:08 of 2nd period - Brad Richardson wins face-off versus Andrew Cogliano in SAN DIEGO THUNDER zone. 9:17 of 2nd period - Nate Thompson is hit by Andrew Cogliano and loses puck. 9:26 of 2nd period - Shot by Andrew Cogliano. 9:26 of 2nd period - Shot Misses the Net. 9:28 of 2nd period - Shot by Andrew Cogliano. 9:28 of 2nd period - Shot Misses the Net. 9:30 of 2nd period - Shot by Connor Murphy. 9:30 of 2nd period - Stopped by Darcy Kuemper with a rebound. 9:32 of 2nd period - Shot by Connor Murphy. 9:32 of 2nd period - Stopped by Darcy Kuemper without a rebound. 9:33 of 2nd period - Connor McDavid wins face-off versus Mark Scheifele in ANCHORAGE ACES zone. 9:49 of 2nd period - Icing by Erik Cernak. 9:50 of 2nd period - Phillip Danault wins face-off versus Mark Scheifele in SAN DIEGO THUNDER zone. 9:53 of 2nd period - Minor Penalty to Nikolaj Ehlers for Tripping. 9:54 of 2nd period - Logan Couture wins face-off versus Phillip Danault in ANCHORAGE ACES zone. 10:14 of 2nd period - Off-side. 10:15 of 2nd period - David Perron wins face-off versus Phillip Danault in neutral zone. 10:20 of 2nd period - Shot by Mark Scheifele. 10:20 of 2nd period - Shot Misses the Net. 12:51 of 2nd period - Shot by Nikolaj Ehlers. 12:51 of 2nd period - Stopped by Connor Hellebuyck without a rebound. 12:52 of 2nd period - Mark Scheifele wins face-off versus Charlie Coyle in SAN DIEGO THUNDER zone. 13:19 of 2nd period - Shot by Brandon Saad. 13:19 of 2nd period - Stopped by Darcy Kuemper without a rebound. 13:20 of 2nd period - Connor McDavid wins face-off versus Logan Couture in ANCHORAGE ACES zone. 13:25 of 2nd period - Shot by Evander Kane. 13:25 of 2nd period - Shot Hit the Post. 13:27 of 2nd period - Shot by Alexandre Carrier. 13:27 of 2nd period - Stopped by Darcy Kuemper without a rebound. 13:28 of 2nd period - Logan Couture wins face-off versus Connor McDavid in ANCHORAGE ACES zone. 13:49 of 2nd period - Shot by Nathan MacKinnon. 13:49 of 2nd period - Shot Blocked by Brandon Montour. 13:51 of 2nd period - Shot by Seth Jones. 13:51 of 2nd period - Shot Blocked by Brandon Montour. 14:01 of 2nd period - Shot by Logan Couture. 14:01 of 2nd period - Shot Blocked by Seth Jones. 14:35 of 2nd period - Shot by David Perron. 14:35 of 2nd period - Stopped by Darcy Kuemper without a rebound. 14:36 of 2nd period - Jean-Gabriel Pageau wins face-off versus Phillip Danault in ANCHORAGE ACES zone. 14:36 of 2nd period - Ryan Hartman is hit by Zachary Werenski. 14:45 of 2nd period - Off-sid